 Dungeon Crawl Stone Soup version 0.21.1-1-g345015f (webtiles) character file.

72 Mirai the Skirmisher (level 4, -2/37 HPs)
             Began as a Demonspawn Fighter on Mar 12, 2018.
             Slain by an adder skeleton (3 damage)
             ... on level 2 of the Dungeon.
             The game lasted 00:03:01 (1209 turns).

Mirai the Skirmisher (Demonspawn Fighter)           Turns: 1209, Time: 00:03:02

Health: -2/37      AC:  6    Str: 22    XL:     4   Next: 7%
Magic:  4/4        EV:  7    Int: 10    God:
Gold:   63         SH:  9    Dex: 12    Spells: 3/3 levels left

rFire    . . .     SeeInvis .   a - +0 war axe
rCold    . . .     Gourm    .   c - +0 shield
rNeg     . . .     Faith    .   b - +0 scale mail
rPois    .         Spirit   .   (helmet restricted)
rElec    .         Reflect  .   (no cloak)
rCorr    .         Harm     .   (no gloves)
MR       .....                  (no boots)
Stlth    ..........             (no amulet)
HPRegen  0.12/turn              (no ring)
MPRegen  0.09/turn              (no ring)

@: mighty
A: antennae 1
a: no special abilities


You were on level 2 of the Dungeon.
You were not hungry.

You visited 1 branch of the dungeon, and saw 2 of its levels.

You collected 63 gold pieces.

Inventory:

Hand Weapons
 a - a +0 war axe (weapon)
Armour
 b - a +0 scale mail (worn)
 c - a +0 shield (worn)
Scrolls
 e - a scroll of fog {unknown}
 h - 2 scrolls of remove curse {unknown}
 i - a scroll of amnesia {unknown}
 k - a scroll of blinking {unknown}
 m - 2 scrolls of identify {unknown}
 n - 2 scrolls of teleportation {unknown}
 p - a scroll of enchant weapon {unknown}
Potions
 j - 2 potions of agility {unknown}
 l - a potion of ambrosia {unknown}
 o - a potion of degeneration {unknown}
Comestibles
 f - 2 rations
 g - 9 chunks of flesh


   Skills:
 * Level 3.8 Fighting
 + Level 2.6 Axes
 + Level 3.2 Armour
 + Level 0.2 Dodging
 - Level 2.6 Shields


You had 3 spell levels left.
You didn't know any spells.

Dungeon Overview and Level Annotations

Branches:
Dungeon (2/15)

Altars:
Ru


Innate Abilities, Weirdness & Mutations

You have a pair of small antennae on your head.


Message History

The hobgoblin barely misses you. The adder bites you but does no damage.
The adder skeleton bites you but does no damage.
Your shield and scale mail prevent you from hitting the adder.
The adder is moderately wounded.
You slash the adder skeleton! You closely miss the hobgoblin.
The hobgoblin hits you but does no damage.
You block the adder's attack. The adder skeleton bites you.
* * * LOW HITPOINT WARNING * * *
The hobgoblin hits you.
* * * LOW HITPOINT WARNING * * *
You block the adder's attack.
The hobgoblin throws a stone.
The stone hits you but does no damage.
The hobgoblin throws a stone.
You block the stone.
You see here 2 stones.
You feel very mighty all of a sudden. You block the adder's attack.
You block the adder skeleton's attack.
The hobgoblin throws a stone.
You block the stone. The adder bites you.
* * * LOW HITPOINT WARNING * * *
The adder skeleton bites you.
You die...

.....)...#....##...#
....##...#....##...#
.........#....##...######
.........#....##.(......#
.........#....##..(####.##
..........................
.........########....#####
.#####...####.......## .#
... .......@Z####### .# ..
........S....... # ...
........g....... ##......
................
.#.......................
.#.........<...##........
.#...........## #........
............. #........
............ #........


You could see an adder, a hobgoblin and an adder skeleton.

Vanquished Creatures
  2 adders (D:2)
  A worm (D:2)
  5 dart slugs
  A leopard gecko (D:2)
  8 bats
  2 giant cockroaches
  3 goblins
  2 hobgoblins
  2 jackals (D:2)
  4 frilled lizards (D:1)
  6 kobolds
  7 rats
43 creatures vanquished.

Notes
Turn   | Place    | Note
-------+----------+-------------------------------------------
     0 | D:1      | Mirai the Demonspawn Fighter began the quest for the Orb.
     0 | D:1      | Reached XP level 1. HP: 18/18 MP: 1/1
   130 | D:1      | Gained mutation: You have a pair of small antennae on your head. [demonic ancestry]
   130 | D:1      | Reached XP level 2. HP: 19/24 MP: 2/2
   816 | D:2      | Reached XP level 3. HP: 18/30 MP: 3/3
   837 | D:2      | Found a sacrificial altar of Ru.
  1183 | D:2      | Reached XP level 4. HP: 24/37 MP: 4/4
  1209 | D:2      | HP: 1/37 [adder (1)]
  1209 | D:2      | Slain by an adder skeleton

Skill      XL: |  1  2 |
---------------+-------+-----
Armour         | 3 |  3.2
Axes           | 2 |  2.6
Fighting       | |  3.8
Dodging        | |  0.2
Shields        | |  2.6

Action                   |  1- 3 |  4- 6 || total
-------------------------+-------+-------++-------
Melee: War axe           |   124 |     6 ||   130
  Use: Potion            |       |     1 ||     1
  Eat: Chunk             |     1 |       ||     1
Armor: Scale mail        |    70 |     7 ||    77
Dodge: Dodged            |    35 |    11 ||    46
Block: Shield            |    57 |    15 ||    72
